A- EAST
FAYETTEVILLE WOODPECKERS @ FREDERICKSBURG NATIONALS
09/11/2041
 
TOP OF THE 1ST
Fayetteville Woodpeckers batting - Pitching for Fredericksburg Nationals : RHP Don O'Connor
Pitching: RHP Don O'Connor
Batting: LHB Dave Branch 0-0: Ball
1-0: Ball
2-0: Ball
3-0: Called Strike
3-1: Base on Balls
Batting: RHB Dave Martin 0-0: Called Strike
0-1: Ball
1-1: Foul Ball, location: 2F
1-2: Fly out, F8 (Flyball, 89M, EV 95.6 MPH)
Batting: LHB Don Caldwell 0-0: Ball
1-0: Ball
2-0: SINGLE (Line Drive, 8RS, EV 106.9 MPH)
Dave Branch to second
Batting: RHB Ben Jacobson 0-0: Ball
1-0: Ball
Wild Pitch!
Dave Branch to third
Don Caldwell to second
2-0: Fly out, F8 (Flyball, 8RM, EV 91.3 MPH)
Runner from 3rd tags up, SCORES, throw by CF
Batting: RHB António Méndez 0-0: Ball
1-0: Ball
2-0: Ball
3-0: Called Strike
3-1: Called Strike
3-2: Base on Balls
Batting: RHB Gaspard Battllori 0-0: Ball
1-0: Fielders Choice at 2nd, 6-4 (Groundball, 6, EV 78.1 MPH)
Top of the 1st over - 1 run, 1 hit, 0 errors, 2 left on base; Fayetteville 1 - Fredericksburg 0
BOTTOM OF THE 1ST
Fredericksburg Nationals batting - Pitching for Fayetteville Woodpeckers : RHP Walt Taylor
Pitching: RHP Walt Taylor
Batting: LHB Aurelio Martínez 0-0: Fly out, F5 (Popup, 5S, EV 81.3 MPH)
Batting: RHB Mal Norton 0-0: Called Strike
0-1: Foul Ball, location: 3DF
0-2: Ball
1-2: Foul Ball, location: 25F
1-2: Fly out, F8 (Flyball, 8LD, EV 101.3 MPH)
Batting: RHB Lonnie Dillard 0-0: Ball
1-0: Fly out, F8 (Flyball, 89M, EV 88.1 MPH)
Bottom of the 1st over - 0 runs, 0 hits, 0 errors, 0 left on base; Fayetteville 1 - Fredericksburg 0
TOP OF THE 2ND
Fayetteville Woodpeckers batting - Pitching for Fredericksburg Nationals : RHP Don O'Connor
Batting: LHB José Torrez 0-0: Foul Ball, location: 2F
0-1: Foul Ball, location: 2F
0-2: Ball
1-2: Hit by Pitch
Batting: RHB Iván Álvarez 0-0: Ball
1-0: SINGLE (Groundball, 6, EV 95.0 MPH)
José Torrez to second
Batting: RHB José Gómez 0-0: Called Strike
0-1: Bunted foul
0-2: Ball
1-2: Ball
2-2: Grounds into double play, 4-6-3 (Groundball, 4S, EV 82.5 MPH)
José Torrez to third
Batting: LHB Dave Branch 0-0: Ball
1-0: Foul Ball, location: 2F
1-1: Foul Ball, location: 7LDF
1-2: DOUBLE (Groundball, 5L, EV 108.8 MPH)
José Torrez scores
Batting: RHB Dave Martin 0-0: Ball
1-0: Foul Ball, location: 5FF
1-1: Swinging Strike
1-2: Ground out 4-3 (Groundball, 4, EV 83.1 MPH)
Top of the 2nd over - 1 run, 2 hits, 0 errors, 1 left on base; Fayetteville 2 - Fredericksburg 0
BOTTOM OF THE 2ND
Fredericksburg Nationals batting - Pitching for Fayetteville Woodpeckers : RHP Walt Taylor
Batting: LHB Orlando Jiménez 0-0: Called Strike
0-1: Swinging Strike
0-2: Ball
1-2: Strikes out swinging
Batting: RHB Víctor Peña 0-0: Called Strike
0-1: Swinging Strike
0-2: Foul Ball, location: 9LSFF
0-2: Foul Ball, location: 9LDF
0-2: Ball
1-2: Foul Ball, location: 2F
1-2: Ball
2-2: Ball
3-2: Strikes out swinging
Batting: RHB Jerry Campoamor 0-0: Ball
1-0: Ball
2-0: Ball
3-0: Called Strike
3-1: Base on Balls
Batting: RHB Juan Padrel 0-0: Called Strike
0-1: 2-RUN HOME RUN (Line Drive, 7D, EV 96.3 MPH), Distance : 388 ft
Batting: LHB Steve Norton 0-0: Ball
1-0: SINGLE (Groundball, 34D, EV 94.4 MPH)
Batting: RHB Lyndon Reese 0-0: Foul Ball, location: 2LF
0-1: Fly out, F6 (Popup, 15S, EV 80.0 MPH)
Bottom of the 2nd over - 2 runs, 2 hits, 0 errors, 1 left on base; Fayetteville 2 - Fredericksburg 2
TOP OF THE 3RD
Fayetteville Woodpeckers batting - Pitching for Fredericksburg Nationals : RHP Don O'Connor
Batting: LHB Don Caldwell 0-0: Called Strike
0-1: Ball
1-1: Ball
2-1: Ball
3-1: Foul Ball, location: 5F
3-2: Base on Balls
Batting: RHB Ben Jacobson 0-0: Called Strike
Don Caldwell is caught stealing 2nd base 2-4
0-1: Ball
1-1: Foul Ball, location: 23F
1-2: Foul Ball, location: 2F
1-2: Foul Ball, location: 2F
1-2: Foul Ball, location: 23FF
1-2: Fly out, F8 (Flyball, 8LM, EV 100.0 MPH)
Batting: RHB António Méndez 0-0: Called Strike
0-1: Swinging Strike
0-2: Ball
1-2: Strikes out swinging
Top of the 3rd over - 0 runs, 0 hits, 0 errors, 0 left on base; Fayetteville 2 - Fredericksburg 2
BOTTOM OF THE 3RD
Fredericksburg Nationals batting - Pitching for Fayetteville Woodpeckers : RHP Walt Taylor
Batting: LHB Aurelio Martínez 0-0: DOUBLE (Flyball, 8LXD, EV 108.8 MPH)
Batting: RHB Mal Norton 0-0: Sac Bunt to 2L - play at first, batter OUT! 2-3
Aurelio Martínez to third
Batting: RHB Lonnie Dillard 0-0: Foul Ball, location: 5FF
0-1: Swinging Strike
0-2: Strikes out swinging
Batting: LHB Orlando Jiménez 0-0: Called Strike
0-1: Foul Ball, location: 5F
0-2: Foul Ball, location: 5F
0-2: Ball
1-2: Ball
2-2: Foul Ball, location: 5SF
2-2: Ball
3-2: Base on Balls
Batting: RHB Víctor Peña 0-0: Foul Ball, location: 3SF
0-1: Ball
1-1: Swinging Strike
1-2: Ground out 1-3 (Groundball, 13S, EV 68.8 MPH)
Bottom of the 3rd over - 0 runs, 1 hit, 0 errors, 2 left on base; Fayetteville 2 - Fredericksburg 2
TOP OF THE 4TH
Fayetteville Woodpeckers batting - Pitching for Fredericksburg Nationals : RHP Don O'Connor
Batting: RHB Gaspard Battllori 0-0: Ball
1-0: SINGLE (Line Drive, 6D, EV 100.6 MPH)
Batting: LHB José Torrez 0-0: Ball
1-0: Ball
2-0: Ball
3-0: Base on Balls
Gaspard Battllori to second
Batting: RHB Iván Álvarez 0-0: Called Strike
0-1: Ball
1-1: Swinging Strike
1-2: Ball
2-2: Foul Ball, location: 2F
2-2: Strikes out swinging
Batting: RHB José Gómez 0-0: Foul Ball, location: 23F
0-1: Grounds into double play, 4-6-3 (Groundball, 4, EV 107.5 MPH)
Top of the 4th over - 0 runs, 1 hit, 0 errors, 1 left on base; Fayetteville 2 - Fredericksburg 2
BOTTOM OF THE 4TH
Fredericksburg Nationals batting - Pitching for Fayetteville Woodpeckers : RHP Walt Taylor
Batting: RHB Jerry Campoamor 0-0: Called Strike
0-1: Hit by Pitch
Batting: RHB Juan Padrel 0-0: Ball
1-0: Ball
2-0: Sac Bunt to 15 - play at first, batter OUT! 1-3
Jerry Campoamor to second
Batting: LHB Steve Norton 0-0: Ball
1-0: SINGLE (Line Drive, 4MD, EV 99.4 MPH)
Jerry Campoamor to third
Batting: RHB Lyndon Reese 0-0: Fly out, F3 (Popup, 3SF, EV 81.9 MPH)
Batting: LHB Aurelio Martínez 0-0: DOUBLE (Line Drive, 89D, EV 102.5 MPH)
Jerry Campoamor scores
Steve Norton to third
Runner from 3rd tries for Home, SAFE, throw by RF to trailing runner, SAFE at third!
Batting: RHB Mal Norton 0-0: Called Strike
0-1: Called Strike
0-2: Ball
1-2: Ball
2-2: Fly out, F9 (Flyball, 9LM, EV 83.1 MPH)
Bottom of the 4th over - 2 runs, 2 hits, 0 errors, 1 left on base; Fayetteville 2 - Fredericksburg 4
TOP OF THE 5TH
Fayetteville Woodpeckers batting - Pitching for Fredericksburg Nationals : RHP Don O'Connor
Batting: LHB Dave Branch 0-0: Ball
1-0: Ball
2-0: Ball
3-0: Base on Balls
Pitching: RHP Joe Gates
Batting: RHB Dave Martin 0-0: Bunted foul
0-1: Ball
Dave Branch steals 2nd base
1-1: Ball
Dave Branch steals 3rd base
2-1: Foul Ball, location: 3SF
2-2: Fly out, F9 (Flyball, 9, EV 90.0 MPH)
Runner from 3rd tags up, SCORES, throw by RF
Batting: LHB Don Caldwell 0-0: Called Strike
0-1: Swinging Strike
0-2: Ball
1-2: Ground out 4-3 (Groundball, 4S, EV 66.9 MPH)
Batting: RHB Ben Jacobson 0-0: Called Strike
0-1: Called Strike
0-2: Strikes out swinging
Top of the 5th over - 1 run, 0 hits, 0 errors, 0 left on base; Fayetteville 3 - Fredericksburg 4
BOTTOM OF THE 5TH
Fredericksburg Nationals batting - Pitching for Fayetteville Woodpeckers : RHP Walt Taylor
Batting: RHB Lonnie Dillard 0-0: DOUBLE (Line Drive, 89XD, EV 107.5 MPH)
Batting: LHB Orlando Jiménez 0-0: Ball
1-0: Ball
2-0: Ball
3-0: Called Strike
3-1: Base on Balls
Batting: RHB Víctor Peña 0-0: Ball
1-0: Called Strike
1-1: Called Strike
1-2: Ball
2-2: Strikes out swinging
Batting: RHB Jerry Campoamor 0-0: Ball
1-0: Fielders Choice at 3rd, U5 (Groundball, 5L, EV 85.6 MPH)
Orlando Jiménez to second
Batting: RHB Juan Padrel 0-0: Swinging Strike
0-1: Ball
1-1: Ball
2-1: Foul Ball, location: 2F
2-2: Strikes out looking
Bottom of the 5th over - 0 runs, 1 hit, 0 errors, 2 left on base; Fayetteville 3 - Fredericksburg 4
TOP OF THE 6TH
Fayetteville Woodpeckers batting - Pitching for Fredericksburg Nationals : RHP Joe Gates
Batting: RHB António Méndez 0-0: Ball
1-0: Ball
2-0: Foul Ball, location: 2F
2-1: Called Strike
2-2: Strikes out swinging
Batting: RHB Gaspard Battllori 0-0: Called Strike
0-1: SINGLE (Groundball, 34D, EV 96.9 MPH)
Batting: LHB José Torrez 0-0: Ball
1-0: Foul Ball, location: 2F
1-1: Ball
2-1: Ball
3-1: SINGLE (Line Drive, 4D, EV 104.4 MPH)
Gaspard Battllori to second
Pinch Hitting: RHB Leon Lucott 0-0: Ball
1-0: Ball
2-0: Ball
3-0: Base on Balls
Gaspard Battllori to third
José Torrez to second
Batting: RHB José Gómez 0-0: Ball
1-0: Ball
2-0: Foul Ball, location: 2F
2-1: Swinging Strike
2-2: Fly out, F7 (Flyball, 7LS, EV 87.5 MPH)
Batting: LHB Dave Branch 0-0: Foul Ball, location: 5SF
0-1: Ball
1-1: Foul Ball, location: 5F
1-2: Ground out 1-3 (Groundball, 15S, EV 73.8 MPH)
Top of the 6th over - 0 runs, 2 hits, 0 errors, 3 left on base; Fayetteville 3 - Fredericksburg 4
BOTTOM OF THE 6TH
Fredericksburg Nationals batting - Pitching for Fayetteville Woodpeckers : RHP Walt Taylor
Now at 3B: Leon Lucott
Batting: LHB Steve Norton 0-0: Ground out 4-3 (Groundball, 4, EV 66.9 MPH)
Batting: RHB Lyndon Reese 0-0: Fly out, F8 (Flyball, 8LD, EV 83.1 MPH)
Batting: LHB Aurelio Martínez 0-0: Called Strike
0-1: Ball
1-1: Ball
2-1: Called Strike
2-2: Ball
3-2: Strikes out swinging, 2-3 out at first.
Bottom of the 6th over - 0 runs, 0 hits, 0 errors, 0 left on base; Fayetteville 3 - Fredericksburg 4
TOP OF THE 7TH
Fayetteville Woodpeckers batting - Pitching for Fredericksburg Nationals : RHP Joe Gates
Batting: RHB Dave Martin 0-0: Foul Ball, location: 3SF
0-1: Ball
1-1: Foul Ball, location: 2F
1-2: Ground out 5-3 (Groundball, 56S, EV 70.6 MPH)
Batting: LHB Don Caldwell 0-0: Ball
1-0: Ball
2-0: Foul Ball, location: 25F
2-1: SINGLE (Line Drive, 9S, EV 106.9 MPH)
Batting: RHB Ben Jacobson 0-0: Ball
1-0: Called Strike
1-1: Ball
2-1: Ball
3-1: Fly out, F6 (Line Drive, 6, EV 68.8 MPH)
Batting: RHB António Méndez 0-0: Ball
Don Caldwell steals 2nd base
1-0: Ball
2-0: Called Strike
2-1: Ground out 5-3 (Groundball, 5, EV 82.5 MPH)
Top of the 7th over - 0 runs, 1 hit, 0 errors, 1 left on base; Fayetteville 3 - Fredericksburg 4
BOTTOM OF THE 7TH
Fredericksburg Nationals batting - Pitching for Fayetteville Woodpeckers : RHP Walt Taylor
Batting: RHB Mal Norton 0-0: Foul Ball, location: 2F
0-1: Foul Ball, location: 9LDF
0-2: Hit by Pitch
Batting: RHB Lonnie Dillard 0-0: Ball
Wild Pitch!
Mal Norton to second
1-0: Intentional Walk
Batting: LHB Orlando Jiménez 0-0: Ball
1-0: Ball
2-0: Fly out, F9 (Flyball, 89M, EV 86.9 MPH)
Batting: RHB Víctor Peña 0-0: Ball
1-0: Swinging Strike
1-1: Grounds into double play, U5-3 (Groundball, 5L, EV 85.6 MPH)
Bottom of the 7th over - 0 runs, 0 hits, 0 errors, 1 left on base; Fayetteville 3 - Fredericksburg 4
TOP OF THE 8TH
Fayetteville Woodpeckers batting - Pitching for Fredericksburg Nationals : RHP Joe Gates
Batting: RHB Gaspard Battllori 0-0: Ball
1-0: Swinging Strike
1-1: Ball
2-1: Ball
3-1: Base on Balls
Pitching: LHP Ernesto Beltrán
Batting: LHB José Torrez 0-0: Bunted foul
0-1: Bunt missed!
0-2: Foul Ball, location: 2F
0-2: Foul Ball, location: 3SF
0-2: Ball
1-2: Ball
2-2: Fly out, F4 (Popup, 4S, EV 35.0 MPH)
Batting: RHB Leon Lucott 0-0: Ball
1-0: Ball
2-0: Ball
3-0: Base on Balls
Gaspard Battllori to second
Pinch Hitting: RHB Curt Russell 0-0: Ball
1-0: Ball
2-0: Foul Ball, location: 9LSF
2-1: Foul Ball, location: 2F
2-2: Foul Ball, location: 3DF
2-2: Foul Ball, location: 9LMF
2-2: Foul Ball, location: 2F
2-2: Hit by Pitch
Gaspard Battllori to third
Leon Lucott to second
Batting: LHB Dave Branch 0-0: Ball
1-0: Ball
2-0: Foul Ball, location: 3FF
2-1: Ball
3-1: SINGLE (Groundball, 4M, EV 84.4 MPH)
Gaspard Battllori scores
Leon Lucott to third
Curt Russell to second
Batting: RHB Dave Martin 0-0: Ball
1-0: DOUBLE (Line Drive, 8LXD, EV 105.0 MPH)
Leon Lucott scores
Curt Russell scores
Dave Branch to third
Batting: LHB Don Caldwell 0-0: Called Strike
0-1: Fly out, F7 (Flyball, 78M, EV 90.0 MPH)
Runner from 3rd tags up, SCORES, throw by LF
Pitching: LHP Jerry Clark
Batting: RHB Ben Jacobson 0-0: Swinging Strike
0-1: Ball
1-1: DOUBLE (Line Drive, 7LD, EV 105.0 MPH)
Dave Martin scores
Batting: RHB António Méndez 0-0: Called Strike
0-1: Ball
1-1: Ball
2-1: Fly out, F8 (Flyball, 78D, EV 95.6 MPH)
Top of the 8th over - 5 runs, 3 hits, 0 errors, 1 left on base; Fayetteville 8 - Fredericksburg 4
BOTTOM OF THE 8TH
Fredericksburg Nationals batting - Pitching for Fayetteville Woodpeckers : RHP Walt Taylor
Now at C: Randy Warner
Batting: RHB Jerry Campoamor 0-0: Ball
1-0: Ball
2-0: Foul Ball, location: 5FF
2-1: Foul Ball, location: 2F
2-2: Foul Ball, location: 25FF
2-2: Strikes out swinging
Pitching: RHP Akuhata Havika
Pinch Hitting: LHB Jud Foster 0-0: Ball
1-0: Called Strike
1-1: Called Strike
1-2: Ball
2-2: Fly out, F7 (Flyball, 78M, EV 91.9 MPH)
Batting: LHB Steve Norton 0-0: Swinging Strike
0-1: Called Strike
0-2: Ball
1-2: Foul Ball, location: 3SF
1-2: Strikes out swinging
Bottom of the 8th over - 0 runs, 0 hits, 0 errors, 0 left on base; Fayetteville 8 - Fredericksburg 4
TOP OF THE 9TH
Fayetteville Woodpeckers batting - Pitching for Fredericksburg Nationals : LHP Jerry Clark
Pitching: RHP Oscar Williams
Now at 1B: Jud Foster
Now at SS: Jerry Campoamor
Batting: RHB Gaspard Battllori 0-0: Ball
1-0: Foul Ball, location: 2F
1-1: Ball
2-1: Foul Ball, location: 2F
2-2: Fly out, F9 (Flyball, 89S, EV 89.4 MPH)
Batting: LHB José Torrez 0-0: Ball
1-0: Ball
2-0: Ground out U3 (Groundball, 34S, EV 83.1 MPH)
Batting: RHB Leon Lucott 0-0: Foul Ball, location: 9LDF
0-1: Called Strike
0-2: Ball
1-2: Ball
2-2: Ball
3-2: Base on Balls
Batting: RHB Randy Warner 0-0: Ball
Leon Lucott steals 2nd base
1-0: Ball
2-0: Fly out, F9 (Flyball, 89M, EV 94.4 MPH)
Top of the 9th over - 0 runs, 0 hits, 0 errors, 1 left on base; Fayetteville 8 - Fredericksburg 4
BOTTOM OF THE 9TH
Fredericksburg Nationals batting - Pitching for Fayetteville Woodpeckers : RHP Akuhata Havika
Pitching: RHP José Rodríguez
Pinch Hitting: RHB Tim McKernan 0-0: Called Strike
0-1: Ball
1-1: Foul Ball, location: 25FF
1-2: Ball
2-2: Ball
3-2: Base on Balls
Batting: LHB Aurelio Martínez 0-0: Ball
1-0: Ball
2-0: Ball
3-0: Base on Balls
Tim McKernan to second
Batting: RHB Mal Norton 0-0: DOUBLE (Line Drive, 8RXD, EV 106.3 MPH)
Tim McKernan scores
Aurelio Martínez to third
Batting: RHB Lonnie Dillard 0-0: Ball
1-0: Foul Ball, location: 9LSF
1-1: Ball
2-1: Swinging Strike
2-2: Ball
3-2: Strikes out swinging
Batting: LHB Orlando Jiménez 0-0: Ball
1-0: Called Strike
1-1: Foul Ball, location: 2F
1-2: Ball
2-2: Strikes out looking
Pinch Hitting: LHB Phil Stanley 0-0: Ball
1-0: 3-RUN HOME RUN (Flyball, 89XD, EV 103.8 MPH), Distance : 424 ft
Pitching: RHP Juan Padilla
Batting: RHB Jerry Campoamor 0-0: Called Strike
0-1: Fly out, F8 (Flyball, 8LXD, EV 97.5 MPH)
Bottom of the 9th over - 4 runs, 2 hits, 0 errors, 0 left on base; Fayetteville 8 - Fredericksburg 8
TOP OF THE 10TH
Fayetteville Woodpeckers batting - Pitching for Fredericksburg Nationals : RHP Oscar Williams
Now at C: Kieran Pittman
Now in LF: José Gómez
Batting: LHB Dave Branch 0-0: Ball
1-0: Called Strike
1-1: Called Strike
1-2: Ground out 6-3 (Groundball, 6MS, EV 81.9 MPH)
Batting: RHB Dave Martin 0-0: Called Strike
0-1: Ball
1-1: Foul Ball, location: 2F
1-2: Ball
2-2: SINGLE (Groundball, 4MD, EV 78.1 MPH) (infield hit)
Batting: LHB Don Caldwell 0-0: Called Strike
Dave Martin is caught stealing 2nd base 2-6
0-1: Ball
1-1: Swinging Strike
1-2: Ball
2-2: Ball
3-2: Ground out 6-3 (Groundball, 6M, EV 86.9 MPH)
Top of the 10th over - 0 runs, 1 hit, 0 errors, 0 left on base; Fayetteville 8 - Fredericksburg 8
BOTTOM OF THE 10TH
Fredericksburg Nationals batting - Pitching for Fayetteville Woodpeckers : RHP Juan Padilla
Batting: LHB Jud Foster 0-0: Ball
1-0: Swinging Strike
1-1: Swinging Strike
1-2: Ball
2-2: SINGLE (Groundball, 4, EV 81.3 MPH)
Batting: LHB Steve Norton 0-0: Bunted foul
0-1: Bunted foul
0-2: Ball
1-2: Strikes out looking
Pinch Hitting: RHB José Salquero 0-0: Called Strike
0-1: Fielders Choice at 2nd, 5-4 (Groundball, 25, EV 84.4 MPH)
Batting: LHB Aurelio Martínez 0-0: Called Strike
José Salquero steals 2nd base
0-1: Swinging Strike
0-2: Ball
1-2: Ground out 6-3 (Groundball, 6, EV 90.0 MPH)
Bottom of the 10th over - 0 runs, 1 hit, 0 errors, 1 left on base; Fayetteville 8 - Fredericksburg 8
TOP OF THE 11TH
Fayetteville Woodpeckers batting - Pitching for Fredericksburg Nationals : RHP Oscar Williams
Now in LF: José Rivera
Batting: RHB Ben Jacobson 0-0: Ball
1-0: Fly out, F7 (Flyball, 7, EV 79.4 MPH)
Batting: RHB António Méndez 0-0: Ball
1-0: Ball
2-0: Foul Ball, location: 3F
2-1: Called Strike
2-2: Ball
3-2: Base on Balls
Batting: RHB Gaspard Battllori 0-0: Ground out 5-3 (Groundball, 56S, EV 91.3 MPH)
António Méndez to second
Batting: LHB José Torrez 0-0: Swinging Strike
0-1: Ball
1-1: Ball
2-1: DOUBLE (Flyball, 8LXD, EV 93.1 MPH)
António Méndez scores
Batting: RHB Leon Lucott 0-0: Called Strike
0-1: Fly out, F7 (Flyball, 7S, EV 91.9 MPH)
Top of the 11th over - 1 run, 1 hit, 0 errors, 1 left on base; Fayetteville 9 - Fredericksburg 8
BOTTOM OF THE 11TH
Fredericksburg Nationals batting - Pitching for Fayetteville Woodpeckers : RHP Juan Padilla
Batting: RHB Mal Norton 0-0: Hit by Pitch
Batting: RHB Lonnie Dillard 0-0: Called Strike
0-1: Called Strike
0-2: Strikes out swinging
Batting: LHB Orlando Jiménez 0-0: Called Strike
0-1: Swinging Strike
0-2: Foul Ball, location: 23F
0-2: Ball
1-2: Ball
2-2: Foul Ball, location: 9LDF
2-2: Ball
3-2: Foul Ball, location: 23F
3-2: Strikes out looking
Pinch Hitting: RHB Dave Austin 0-0: Foul Ball, location: 3DF
0-1: SINGLE (Groundball, 56, EV 104.4 MPH) (infield hit)
Mal Norton to second
Batting: RHB Jerry Campoamor 0-0: Called Strike
0-1: Ball
1-1: Fly out, F9 (Flyball, 89S, EV 86.9 MPH)
Bottom of the 11th over - 0 runs, 1 hit, 0 errors, 2 left on base; Fayetteville 9 - Fredericksburg 8
Monday, April 1st , 2024 - OOTP Baseball 24.10 Build 82